 Dungeon Crawl Stone Soup version 0.26.1-11-gd32895ea62 (webtiles) character file.

Game seed: 7887586999610430758

350 Tirrikindir the Slasher (level 6, -4/57 (64) HPs)
             Began as an Octopode Fighter on June 9, 2021.
             Was an Initiate of Okawaru.
             Slain by Duvessa
             ... wielding a +1 rapier of draining
              (6 damage)
             ... on level 5 of the Dungeon.
             The game lasted 00:07:56 (4774 turns).

Tirrikindir the Slasher (Octopode Fighter)          Turns: 4774, Time: 00:07:57

HP:   -4/57 (64)    AC:  1    Str: 17    XL:     6   Next: 61%
MP:   16/16         EV: 12    Int: 10    God:    Okawaru [......]
Gold: 208           SH:  9    Dex: 14    Spells: 5/5 levels left

rFire    . . .     SeeInvis .   a - +3 long sword
rCold    . . .     Faith    .   b - +0 kite shield
rNeg     . . .     Spirit   .   i - +0 hat
rPois    .         Reflect  .   (no amulet)
rElec    .         Harm     .   f - ring of willpower
rCorr    .         Rampage  .   h - ring of stealth
Will     +....                  r - ring of magical power
Stlth    ..........             (no ring)
HPRegen  0.19/turn              (no ring)
MPRegen  0.15/turn              (no ring)
                                (no ring)
                                (no ring)

@: berserking, heavily drained, very quick
A: almost no armour, stealthy swim, amphibious, 8 rings, constrict 8, beak,
camouflage 1, agile 1, gelatinous body 1, MP-powered wands
a: Renounce Religion


You were on level 5 of the Dungeon.
You worshipped Okawaru.
Okawaru was noncommittal.
You visited 2 branches of the dungeon, and saw 6 of its levels.

You collected 208 gold pieces.

Inventory:

Hand Weapons
 a - a +3 long sword (weapon)
 t - a +0 short sword
Armour
 b - a +0 kite shield (worn)
 i - a +0 hat (worn)
Jewellery
 f - a ring of willpower (left tentacle)
 g - an uncursed ring of fire
 h - a ring of stealth (right tentacle)
 o - an uncursed ring of ice
 r - a ring of magical power (on tentacle)
Wands
 e - a wand of iceblast (9)
Scrolls
 l - a scroll of immolation
Potions
 c - 2 potions of might
 d - a potion of resistance
 j - 2 potions of magic
 k - a potion of berserk rage
 m - a potion of heal wounds {unknown}
 p - 2 potions of cancellation {unknown}
 q - 2 potions of curing {unknown}


   Skills:
 + Level 3.9 Fighting
 * Level 4.0 Long Blades
 + Level 3.8 Dodging
 + Level 3.1 Stealth
 + Level 3.9 Shields
 + Level 1.5 Invocations
 + Level 1.0 Evocations


You had 5 spell levels left.
You didn't know any spells.
Your spell library was empty.

Dungeon Overview and Level Annotations

Branches:
Dungeon (5/15)             Temple (1/1) D:4

Altars:
Ashenzari
Cheibriados
Elyvilon
Fedhas
Gozag
Hepliaklqana
Kikubaaqudgha
Makhleb
Nemelex Xobeh
Okawaru
Ru
Sif Muna
Trog
Uskayaw
Vehumet
Wu Jian
Xom
Yredelemnul
Zin
The Shining One

Annotations:
D:5 Duvessa


Innate Abilities, Weirdness & Mutations

You cannot wear most types of armour.
You are very stealthy in the water. (Stealth+)
You are amphibious.
You can wear up to eight rings at the same time.
You can use your tentacles to constrict eight enemies at once.
Your skin changes colour to match your surroundings (Stealth+).
Your rubbery body absorbs attacks. (AC +1, EV +1)
You have a beak for a mouth.
You are agile. (Dex +2)
You expend magic power (3 MP) to strengthen your wands.


Message History

You hit Duvessa but do no damage. You constrict Duvessa.
Duvessa hits you with a +1 rapier of draining.
You feel drained.
Duvessa hits you with a +1 rapier of draining!
* * * LOW HITPOINT WARNING * * *
You feel drained.
* * * LOW HITPOINT WARNING * * *
Okay, then.
As you read the scroll labelled URRINN WAEWICE, it crumbles to dust.
You assume a fearsome visage.
The iguana looks frightened!
It was a scroll of fear.
You constrict Duvessa.
Duvessa hits you with a +1 rapier of draining.
* * * LOW HITPOINT WARNING * * *
You feel drained.
It was a potion of berserk rage.
A red film seems to cover your vision as you go berserk!
You feel yourself moving faster!
You feel mighty!
You constrict Duvessa, but do no damage.
Duvessa hits you with a +1 rapier of draining.
You die...

.....#. ..g..
......)....####.....
....l.....#.#.......g
..............#.....
.................
##...........#.###..
##...#..............#
..............#.#####
......e@......#.#
.....####.......# ...
#.......# . #<..).###
#.....# #...>##
#....# #..<.# #....#


You could see Duvessa (berserk) and an iguana (fleeing).

Vanquished Creatures
  Dowan (D:5)
  An orc wizard (D:3)
  An orc priest (D:4)
  2 worker ants (D:4)
  Robin (D:3)
  4 gnolls
  2 adders (D:2)
  A dart slug (D:2)
  3 leopard geckos
  11 orcs
  2 ball pythons
  3 giant cockroaches
  2 gnoll zombies (D:2)
  15 goblins
  13 hobgoblins
  8 jackals
  10 kobolds
  12 bats
  10 frilled lizards
  A quokka skeleton (D:4)
  4 rats
107 creatures vanquished.

Vanquished Creatures (others)
  4 plants (D:1)
4 creatures vanquished.

Grand Total: 111 creatures vanquished

Notes
Turn   | Place    | Note
-------+----------+-------------------------------------------
     0 | D:1      | Tirrikindir the Octopode Fighter began the quest for the
                  | Orb.
     0 | D:1      | Reached XP level 1. HP: 16/16 MP: 1/1
   300 | D:1      | Reached XP level 2. HP: 21/21 MP: 2/2
   327 | D:1      | Reached skill level 1 in Stealth
   795 | D:1      | Reached XP level 3. HP: 26/26 MP: 3/3
  1359 | D:2      | Gained mutation: You are agile. (Dex +2) [potion of
                  | mutation]
  1359 | D:2      | Gained mutation: You have a beak for a mouth. [potion of
                  | mutation]
  1359 | D:2      | Gained mutation: You expend magic power (3 MP) to
                  | strengthen your wands. [potion of mutation]
  1412 | D:2      | Reached XP level 4. HP: 30/31 MP: 4/4
  1606 | D:2      | Found a basalt altar of Yredelemnul.
  1738 | D:2      | Found an iron altar of Okawaru.
  1743 | D:2      | Reached skill level 3 in Long Blades
  1757 | D:2      | Became a worshipper of Warmaster Okawaru
  2175 | D:2      | Found a glowing golden altar of the Shining One.
  2560 | D:3      | Reached XP level 5. HP: 25/36 MP: 5/5
  2737 | D:3      | Noticed Robin
  2743 | D:3      | Killed Robin
  2943 | D:3      | Reached skill level 1 in Invocations
  3717 | D:4      | Found a shimmering altar of Xom.
  3792 | D:4      | Found a glowing silver altar of Zin.
  3850 | D:4      | Found a staircase to the Ecumenical Temple.
  3878 | D:4      | Reached XP level 6. HP: 43/43 MP: 6/6
  3880 | Temple   | Entered the Ecumenical Temple
  4731 | D:5      | Entered Level 5 of the Dungeon
  4736 | D:5      | Noticed Dowan
  4738 | D:5      | Noticed Duvessa
  4755 | D:5      | Killed Dowan
  4756 | D:5      | Reached skill level 4 in Long Blades
  4756 | D:5      | Reached skill level 1 in Evocations
  4773 | D:5      | HP: 1/39 [Duvessa/+1 rapier of draining (6)]
  4774 | D:5      | Slain by Duvessa

Illustrated notes

Levels and vault maps discovered:
D:1:      roderic_crossed_star, layout_basic, minmay_lizard_king
D:2:      layout_loops_ring, lemuel_zombie_altar_yredelemnul,
          nicolae_overflow_hidden_temple, dk_noncrumbling_2, minmay_door_square,
          okawaru_ov_weapons_minmay
D:3:      layout_loops_ring, uniq_robin
D:4:      layout_basic, xom_teletrap_fun, zin_treasury, temple_fountains
D:5:      layout_rooms, uniq_duvessa, uniq_sigmund, uniq_grinder
Temple:   eino_temple_rhombus

Skill      XL: |  1  2  3  4  5  6 |
---------------+-------------------+-----
Stealth        | 1 2 3 |  3.1
Long Blades    | 3 4 |  4.0
Invocations    | 1 |  1.5
Evocations     | 1 |  1.0
Fighting       | |  3.9
Dodging        | |  3.8
Shields        | |  3.9

Action                   |  1- 3 |  4- 6 || total
-------------------------+-------+-------++-------
Melee: Long sword        |    70 |   114 ||   184
       Constrict         |    22 |    39 ||    61
       Tentacles         |    11 |    22 ||    33
       Peck              |       |    28 ||    28
  Use: Scroll            |     4 |     7 ||    11
       Potion            |     1 |     1 ||     2
 Stab: Sleeping          |     9 |     6 ||    15
Armor: Skin              |     7 |     4 ||    11
Dodge: Dodged            |    41 |    44 ||    85
Block: Kite shield       |    31 |    43 ||    74
       Rpst.: Long sword |    14 |    14 ||    28
